 Dungeon Crawl Stone Soup version 0.18.1-50-g88ac8fd (webtiles) character file.

315 Chiseanne the Covert (level 6, -4/30 HPs)
             Began as a Spriggan Assassin on Mar 28, 2017.
             Slain by an ogre
             ... wielding a +0 giant club
              (11 damage)
             ... on level 5 of the Dungeon.
             The game lasted 00:14:12 (5205 turns).

Chiseanne the Covert (Spriggan Assassin)            Turns: 5205, Time: 00:14:13

Health: -4/30      AC:  3    Str:  7    XL:     6   Next: 20%
Magic:  7/7        EV: 17    Int: 12    God:
Gold:   232        SH:  0    Dex: 20    Spells: 0 memorised, 5 levels left

rFire  . . .     SeeInvis +     s - +0 falchion (elec)
rCold  . . .     Gourm    .     c - +0 robe
rNeg   . . .     Faith    .     (shield restricted)
rPois  .         Spirit   .     (helmet restricted)
rElec  .         Dismiss  .     d - +0 cloak
rCorr  .         Reflect  .     (gloves unavailable)
SustAt .         Harm     .     (boots unavailable)
MR     +....                    (no amulet)
Stlth  ++++++....               (no ring)
                                (no ring)

@: very quick, somewhat resistant to hostile enchantments, very stealthy
A: unfitting armour, see invisible, herbivore 3, speed 3, slow metabolism 2
a: no special abilities


You were on level 5 of the Dungeon.
You were not hungry.

You visited 1 branch of the dungeon, and saw 6 of its levels.

You collected 232 gold pieces.

Inventory:

Hand Weapons
 a - a +2 dagger
 s - a +0 falchion of electrocution (weapon)
 u - a cursed -1 long sword
 w - a +0 blowgun
Missiles
 b - a poisoned needle
 e - 20 arrows
 h - 17 tomahawks (quivered)
 k - 182 stones
 m - 23 bolts
Armour
 c - a +0 robe (worn)
 d - a +0 cloak (worn)
Jewellery
 p - a +2 ring of intelligence {unknown}
 q - an uncursed ring of fire {unknown}
Wands
 l - a wand of digging (9/24)
Scrolls
 f - 2 scrolls of immolation
 o - a scroll of blinking
 r - a scroll of enchant weapon {unknown}
Potions
 i - a potion of degeneration {unknown}
 n - 2 potions of lignification
 t - a potion of haste {unknown}
Comestibles
 g - a bread ration
 j - a slice of pizza


   Skills:
 - Level 1.5 Fighting
 * Level 2.3 Short Blades
 - Level 2.0 Throwing
 * Level 2.0 Dodging
 - Level 11.1 Stealth


You had 5 spell levels left.
You didn't know any spells.

Dungeon Overview and Level Annotations

Branches:
Dungeon (6/15)
 Temple: D:4-7

Altars:
Ashenzari


Innate Abilities, Weirdness & Mutations

You are tiny and cannot use many weapons and most armour.
You have supernaturally acute eyesight.
You are a herbivore.
You cover ground extremely quickly.
You need consume almost no food.


Message History

Your Dodging skill increases to level 2!
Wield which item (- for none, * to show all)? (? for menu, Esc to quit)
Your +0 falchion of electrocution stops crackling.
a - a +2 dagger (weapon)
k - 182 stones (gained 21)
The ogre is too close now for your liking.
Found a papyrus book.
The ogre misses you.
You hit the ogre.
The ogre is moderately wounded.
Wield which item (- for none, * to show all)? (? for menu, Esc to quit)
You hear the crackle of electricity.
s - a +0 falchion of electrocution (weapon)
The ogre hits you with a giant club!!
Ouch! That really hurt!
* * * LOW HITPOINT WARNING * * *
You hit the ogre.
The ogre is moderately wounded.
The ogre hits you with a giant club!
You die...

. #.......... # ..........
### .......... #. ...
.......:.####.......%...
.......... ............
.........####...........
......O.................
.......@.............#..
....................##..
........................
##.............<........
#######.................
##.....#...............#.
##.......##..##.........#.
#...........###.#####.....
#........[#............#.#


You could see an ogre.

Vanquished Creatures
  An orc wizard (D:4)
  2 worker ants
  10 adders
  2 worms
  2 dart slugs
  4 giant geckos
  22 orcs
  7 giant cockroaches
  11 hobgoblins
  12 jackals
  3 quokkas
  14 bats
  2 giant cockroach zombies (D:5)
  A giant newt (D:2)
  6 goblins
  9 kobolds
  6 rats
114 creatures vanquished.

Notes
Turn   | Place    | Note
--------------------------------------------------------------
     0 | D:1      | Chiseanne the Spriggan Assassin began the quest for the Orb.
     0 | D:1      | Reached XP level 1. HP: 10/10 MP: 2/2
    89 | D:1      | Reached skill level 6 in Stealth
   369 | D:1      | Reached XP level 2. HP: 12/14 MP: 3/3
   521 | D:1      | Reached skill level 7 in Stealth
   962 | D:2      | Reached XP level 3. HP: 18/18 MP: 4/4
  1247 | D:2      | Reached skill level 8 in Stealth
  1753 | D:3      | Reached XP level 4. HP: 19/22 MP: 5/5
  2187 | D:3      | Reached skill level 9 in Stealth
  2919 | D:3      | Found a shattered altar of Ashenzari.
  2957 | D:3      | Reached XP level 5. HP: 16/25 MP: 6/6
  3575 | D:3      | Reached skill level 10 in Stealth
  4112 | D:5      | Entered Level 5 of the Dungeon
  4319 | D:5      | Noticed an ogre
  4472 | D:4      | Noticed an ogre
  4581 | D:4      | Noticed an ogre
  4704 | D:4      | Reached skill level 11 in Stealth
  4704 | D:4      | Reached XP level 6. HP: 23/30 MP: 7/7
  5110 | D:5      | Found a shattered altar of Ashenzari.
  5205 | D:5      | Slain by an ogre

Skill      XL: |  1  2  3  4  5  6 |
---------------+-------------------+-----
Stealth        | 6 7 8 9 11 | 11.1
Dodging        | 2 |  2.0
Fighting       | |  1.5
Short Blades   | |  2.3
Throwing       | |  2.0

Action                   |  1- 3 |  4- 6 || total
-------------------------+-------+-------++-------
Melee: Dagger            |   124 |   296 ||   420
       Falchion          |       |     4 ||     4
 Fire: Blowgun           |    18 |    31 ||    49
Throw: Tomahawk          |       |    16 ||    16
Evoke: Wand              |       |     3 ||     3
  Use: Scroll            |     6 |     6 ||    12
       Potion            |       |     3 ||     3
 Stab: Sleeping          |    13 |     7 ||    20
       Distracted        |       |     6 ||     6
  Eat: Fruit             |       |     3 ||     3
       Royal jelly       |       |     1 ||     1
Armor: Robe              |    19 |    29 ||    48
Dodge: Dodged            |    94 |   236 ||   330
